 Dungeon Crawl Stone Soup version 0.31-a0-596-g831eee08f1 (webtiles) character file.

Game seed: 2113211927355744832

13057 jlumianski the Nimble (level 12, -1/76 HPs)
             Began as a Djinni Fire Elementalist on Aug 20, 2023.
             Was a Follower of Makhleb.
             Killed by the air
             ... invoked by a wind drake (shapeshifter)
              (16 damage)
             ... on level 10 of the Dungeon on Aug 21, 2023.
             The game lasted 01:22:01 (10019 turns).

jlumianski the Nimble (Djinni Fire Elementalist)   Turns: 10019, Time: 01:22:03

Health: -1/76      AC:  7    Str:  7    XL:     12   Next: 27%
Gold:   495        EV: 18    Int: 20    God:    Makhleb [*.....] SH:  5 Dex: 18

rFire   + + +        V - +4 great sword (freeze)
rCold   . . .        (shield currently unavailable)
rNeg    . . .        C - +0 troll leather armour
rPois   ∞            h - +1 helmet
rElec   .            a - +0 cloak
rCorr   .            m - +0 pair of gloves
SInv    .            (boots unavailable)
Will    +....        t - amulet of reflection
Stlth   ++++         H - ring of Haxkiuqe {rPois rF+ Dex+2 Stlth+}
HPRegen 1.12/turn    O - ring of protection from cold
MPRegen 0.00/turn

%: reflection, infuse magic (-2 HP)
@: flying
A: sickness immunity, fire resistance 2, cold vulnerability 1, float, innate
caster, HP casting, extra vitality 1
a: Renounce Religion


You were on level 10 of the Dungeon.
You worshipped Makhleb.
Makhleb was aware of your devotion.
You visited 2 branches of the dungeon, and saw 12 of its levels.

You collected 657 gold pieces.
You spent 162 gold pieces at shops.

Inventory:

Hand Weapons
 c - a +2 dagger of speed
 i - a +2 dagger of protection
 n - a +1 scimitar of venom
 p - a +1 dagger of holy wrath
 q - a +0 hand axe of flaming
 w - a +2 whip of freezing
 F - a +2 war axe of electrocution
 Q - a +4 trident of draining
 V - a +4 great sword of freezing (weapon)
Missiles
 d - 13 poisoned darts
 y - 6 boomerangs
 G - 6 javelins
Armour
 a - a +0 cloak (worn)
 h - a +1 helmet (worn)
 m - a +0 pair of gloves (worn)
 r - the +0 ring mail of Ravioli {Harm Dex+7 Stlth-}
   (You found it on level 3 of the Dungeon)

   Dex+7:     It affects your dexterity (+7).
   Harm:      It increases damage dealt and taken.
   Stlth-:    It makes you less stealthy.
 C - a +0 troll leather armour (worn)
 S - +0 steam dragon scales
Magical Staves
 z - a staff of death
 A - a staff of air
 P - a staff of fire
Jewellery
 j - an amulet of faith
 t - an amulet of reflection (around neck)
 H - the ring of Haxkiuqe (left hand) {rPois rF+ Dex+2 Stlth+}
   (You found it on level 7 of the Dungeon)

   [ring of protection from fire]

   Dex+2:     It affects your dexterity (+2).
   rF+:       It protects you from fire.
   rPois:     It protects you from poison Stlth+: It makes you more stealthy.
 O - a ring of protection from cold (right hand)
Talismans
 Z - a blade talisman
Wands
 u - a wand of flame (10)
 T - a wand of mindburst (10)
 X - a wand of light (7)
 Y - a wand of roots (3)
Scrolls
 b - a scroll of silence
 f - a scroll of immolation
 x - 2 scrolls of blinking
 E - 2 scrolls of fog
 I - a scroll of identify
 K - 2 scrolls of brand weapon
 L - 3 scrolls of revelation
 M - a scroll of vulnerability
 N - a scroll of teleportation
 U - 4 scrolls of fear {unknown}
Potions
 e - 2 potions of ambrosia
 g - a potion of resistance
 k - a potion of lignification
 l - a potion of might
 o - a potion of berserk rage
 s - a potion of attraction
 v - 2 potions of enlightenment
 B - 2 potions of heal wounds
 D - 2 potions of curing
 J - a potion of invisibility
 R - a potion of cancellation
 W - 2 potions of brilliance


   Skills:
 + Level 3.3 Fighting
 - Level 0.6(6.1) Short Blades
 * Level 9.8 Long Blades
 + Level 3.3 Armour
 * Level 11.2 Dodging
 + Level 4.0 Stealth
 - Level 2.0 Shields
 * Level 7.9 Spellcasting
 * Level 7.9 Conjurations
 * Level 7.9 Hexes
 * Level 7.9 Summonings
 * Level 7.9 Necromancy
 * Level 7.9 Translocations
 * Level 7.9 Transmutations
 * Level 7.9 Fire Magic
 * Level 7.9 Ice Magic
 * Level 7.9 Air Magic
 * Level 7.9 Earth Magic
 * Level 7.9 Poison Magic
 + Level 0.1 Evocations


You knew the following spells:

 Your Spells              Type           Power      Damage    Failure   Level
a - Foxfire               Conj/Fire      100%       2x1d9     1%          1
b - Scorch                Fire           78%        2d8       1%          2
c - Volatile Blastmotes   Fire/Tloc      78%        2d16      1%          3
d - Inner Flame           Hex/Fire       39%        N/A       1%          3
e - Flame Wave            Conj/Fire      39%        2d11      4%          4
f - Sting                 Tmut/Pois      100%       1d8       1%          1
g - Poisonous Vapours     Pois/Air       78%        N/A       1%          2
h - Vhi's Electric Charg  Tloc/Air       78%        N/A       1%          3
i - Fulminant Prism       Conj/Hex       19%        3d10      4%          4
j - Lee's Rapid Deconstr  Erth           19%        3d11*     13%         5
Your spell library was empty.

Dungeon Overview and Level Annotations

Branches:
Dungeon (11/15)            Temple (1/1) D:5
   Lair: D:8-11         Orc: D:9-12

Altars:
Ashenzari
Cheibriados
Dithmenos
Elyvilon
Fedhas
Gozag
Hepliaklqana
Makhleb
Nemelex Xobeh
Okawaru
Qazlal
Ru
Trog
Uskayaw
Wu Jian
Xom
Yredelemnul
Zin
The Shining One

Shops:
D:3 =   D:5 *

Annotations:
D:9 2 runed translucent doors


Innate Abilities, Weirdness & Mutations

You are immune to sickness and miasma.
You are immune to poison.
Your flesh is very heat resistant. (rF++)
You are vulnerable to cold. (rC-)
You float through the air rather than walking.
You learn spells naturally, not from books.
Your magical power is your life essence.
You have superior vitality. (+4 MHP)


Message History

Confirm with . or Enter, or press ? or * to list all spells.
Flames lash the wind drake.
The wind drake is lightly wounded.
The wind drake's fire resistance burns away.
The hornet stings you! The wind drake misses you. The hornet stings you!
Casting: Scorch (safe; 1% risk of failure)
Confirm with . or Enter, or press ? or * to list all spells.
You conjure some foxfire!
The wind drake bites you but does no damage.
The hornet stings you. The wind drake bites you!
The foxfire hits the wind drake.
The wind drake is burned terribly!
The wind drake is moderately wounded.
The foxfire hits the hornet.
The hornet is almost dead.
The hornet closely misses you.
Casting: Foxfire (safe; 1% risk of failure)
Confirm with . or Enter, or press ? or * to list all spells.
You conjure some foxfire!
The hornet stings you!
* * * LOW HITPOINT WARNING * * *
The wind drake bites you but does no damage.
You kill the hornet!
Makhleb accepts your kill.
The foxfire hits the wind drake.
The wind drake is moderately wounded.
The foxfire hits the wind drake!
The wind drake is burned terribly!
The wind drake is moderately wounded.
Casting: Foxfire (safe; 1% risk of failure)
Confirm with . or Enter, or press ? or * to list all spells.
Flames lash the wind drake.
The wind drake is burned terribly!
The wind drake is heavily wounded.
* * * LOW HITPOINT WARNING * * *
The wind drake closely misses you.
Casting: Scorch (safe; 1% risk of failure)
Confirm with . or Enter, or press ? or * to list all spells.
Flames lash the wind drake.
The wind drake is burned terribly!
The wind drake is almost dead.
* * * LOW HITPOINT WARNING * * *
The wind drake flaps its wings at you. The air twists around and strikes you!
You die...

#########
#>.@....#
#...k...##
#...†<...###
#.....)....#
##.##..##..#
## ...# .#
##.... #
#.....
##.#..#


You could see a wind drake shaped shifter (very poisoned, combustible).

Vanquished Creatures
  A hydra (D:9)
  A centaur warrior (D:9)
  A two-headed ogre (D:9)
  2 deep elf pyromancers (D:9)
  An ugly thing (D:9)
  2 cyclopes (D:9)
  Maurice (D:9)
  Joseph (D:8)
  Jeremiah (D:8)
  A hornet (D:10)
  Prince Ribbit (D:9)
  2 slime creatures
  Sigmund (D:3)
  4 wyverns
  11 yaks
  2 steam dragons (D:6)
  4 ice beasts
  A sky beast (D:7)
  4 orc warriors
  An ogre (D:5)
  4 centaurs
  3 phantoms
  A kobold brigand (D:9)
  3 necrophages (D:7)
  3 bullfrogs
  4 scorpions
  17 wights
  17 killer bees
  6 electric eels (D:5)
  A howler monkey (D:9)
  A centaur zombie (D:7)
  A human zombie (D:7)
  5 orc priests
  2 hounds (D:5)
  A gnoll bouda (D:5)
  3 jellies
  A sleepcap (D:6)
  11 orc wizards
  2 killer bee zombies (D:7)
  A centaur simulacrum (D:9)
  3 mummies (D:7)
  Robin (D:2)
  5 gnolls (D:5)
  9 adders
  A shadow imp (D:8)
  An ufetubus (D:4)
  4 dart slugs
  33 orcs
  7 ball pythons
  7 bats
  11 endoplasms
  4 giant cockroaches
  12 goblins
  15 hobgoblins
  3 jackals (D:2)
  5 quokkas
  4 frilled lizards
  6 kobolds
  7 rats
268 creatures vanquished.

Vanquished Creatures (others)
  277 foxfires
  5 fulminant prisms (D:9)
282 creatures vanquished.

Grand Total: 550 creatures vanquished

Notes
Turn   | Place    | Note
-------+----------+-------------------------------------------
     0 | D:1      | jlumianski the Djinni Fire Elementalist began the quest for
                  | the Orb.
     0 | D:1      | jlumianski set off with the following spells memorised:
                  | Foxfire, Scorch, Volatile Blastmotes, Inner Flame, Flame
                  | Wave.
     0 | D:1      | Reached XP level 1. HP: 15/15 MP: 0/0
   106 | D:1      | Reached XP level 2. HP: 11/21 MP: 0/0
   254 | D:2      | Noticed Robin
   462 | D:1      | Reached XP level 3. HP: 24/25 MP: 0/0
   462 | D:1      | Learned a level 1 spell: Sting
   933 | D:3      | Reached skill level 3 in Dodging
  1015 | D:2      | Reached XP level 4. HP: 28/31 MP: 0/0
  1498 | D:2      | Reached XP level 5. HP: 30/36 MP: 0/0
  1498 | D:2      | Learned a level 2 spell: Poisonous Vapours
  2001 | D:1      | Reached skill level 1 in Long Blades
  2031 | D:2      | Killed Robin
  2113 | D:3      | Found Uheamisk's Jewellery Emporium.
  2242 | D:3      | Reached XP level 6. HP: 27/41 MP: 0/0
  2328 | D:3      | Identified the +0 ring mail of Ravioli {Harm Dex+7 Stlth-}
  2341 | D:4      | Reached skill level 4 in Dodging
  2359 | D:5      | Entered Level 5 of the Dungeon
  2569 | D:3      | Noticed Sigmund
  2577 | D:3      | Killed Sigmund
  2578 | D:3      | Reached skill level 1 in Fighting
  2578 | D:3      | Reached XP level 7. HP: 39/47 MP: 0/0
  2578 | D:3      | Learned a level 3 spell: Vhi's Electric Charge
  2585 | D:3      | Found a shadowy altar of Dithmenos.
  2676 | D:5      | Found Myfighor's General Store.
  2814 | D:5      | Bought a scroll of blinking for 97 gold pieces
  2814 | D:5      | Bought a scroll of identify for 26 gold pieces
  2814 | D:5      | Bought a scroll of teleportation for 39 gold pieces
  3034 | D:4      | Reached skill level 5 in Dodging
  3178 | D:4      | Reached XP level 8. HP: 49/52 MP: 0/0
  4067 | D:7      | Identified the ring of Haxkiuqe {rPois rF+ Dex+2 Stlth+}
  4133 | D:5      | Found a staircase to the Ecumenical Temple.
  4144 | Temple   | Entered the Ecumenical Temple
  4151 | Temple   | Reached skill level 1 in Armour
  4445 | D:6      | You are sucked into a shaft and drop 1 floor!
  4574 | D:7      | Reached skill level 6 in Dodging
  4686 | D:7      | Reached XP level 9. HP: 58/58 MP: 0/0
  4686 | D:7      | Learned a level 4 spell: Fulminant Prism
  5063 | D:5      | Reached skill level 5 in Long Blades
  5063 | D:5      | Reached skill level 5 in Spellcasting
  5063 | D:5      | Reached skill level 5 in Conjurations
  5063 | D:5      | Reached skill level 5 in Hexes
  5063 | D:5      | Reached skill level 5 in Summonings
  5063 | D:5      | Reached skill level 5 in Necromancy
  5063 | D:5      | Reached skill level 5 in Translocations
  5063 | D:5      | Reached skill level 5 in Transmutations
  5063 | D:5      | Reached skill level 5 in Fire Magic
  5063 | D:5      | Reached skill level 5 in Ice Magic
  5063 | D:5      | Reached skill level 5 in Air Magic
  5063 | D:5      | Reached skill level 5 in Earth Magic
  5063 | D:5      | Reached skill level 5 in Poison Magic
  5247 | D:5      | Reached skill level 7 in Dodging
  5247 | D:5      | Reached skill level 1 in Shields
  6193 | D:6      | Reached XP level 10. HP: 49/64 MP: 0/0
  6261 | D:6      | Found a blossoming altar of Fedhas.
  6968 | D:7      | Reached skill level 8 in Dodging
  7469 | D:8      | Noticed Jeremiah
  7498 | D:8      | Killed Jeremiah
  7597 | D:8      | Noticed Joseph
  7604 | D:8      | Killed Joseph
  7730 | D:8      | Reached skill level 9 in Dodging
  8130 | D:8      | Reached XP level 11. HP: 57/69 MP: 0/0
  8130 | D:8      | Learned a level 5 spell: Lee's Rapid Deconstruction
  8161 | D:8      | Found a glowing silver altar of Zin.
  8206 | D:8      | Found a burning altar of Makhleb.
  8214 | D:8      | Became a worshipper of Makhleb the Destroyer
  8334 | D:9      | Noticed a deep elf pyromancer
  8350 | D:9      | Killed a deep elf pyromancer
  8374 | D:9      | Noticed a two-headed ogre
  8387 | D:9      | Killed a two-headed ogre
  8435 | D:9      | Found an ornate altar of the Wu Jian Council.
  8517 | D:9      | Reached skill level 10 in Dodging
  8540 | D:9      | Noticed Maurice
  8555 | D:9      | Killed Maurice
  8622 | D:9      | Noticed a four-headed hydra
  8630 | D:9      | Noticed a cyclops
  8634 | D:9      | Noticed a centaur warrior
  8745 | D:9      | Killed a centaur warrior
  8931 | D:9      | Noticed a green ugly thing
  8942 | D:9      | Killed a green ugly thing
  8942 | D:9      | Reached * piety under Makhleb
  9072 | D:9      | Noticed Prince Ribbit
  9089 | D:9      | Killed Prince Ribbit
  9193 | D:9      | Killed a cyclops
  9328 | D:10     | Entered Level 10 of the Dungeon
  9328 | D:10     | Found a hazy altar of Hepliaklqana.
  9330 | D:10     | Found a basalt altar of Yredelemnul.
  9398 | D:9      | Noticed a cyclops
  9407 | D:9      | Killed a cyclops
  9408 | D:9      | Reached XP level 12. HP: 76/76 MP: 0/0
  9439 | D:9      | Found a runed translucent door.
  9535 | D:9      | Found a broken altar of Ashenzari.
  9595 | D:9      | Killed a four-headed hydra
  9596 | D:9      | Reached skill level 11 in Dodging
  9648 | D:9      | Found a runed translucent door.
  9649 | D:9      | Noticed a two-headed ogre
  9650 | D:9      | Found a runed translucent door.
  9965 | D:9      | Noticed a two-headed ogre
 10019 | D:10     | Killed from afar by a wind drake (shapeshifter)

Illustrated notes

Levels and vault maps discovered:
D:1:      giann_bridges, layout_loops_ring, minmay_misc_feat_cross
D:2:      kennysheep_big_flooded_room, layout_basic, minmay_tripent, uniq_robin
D:3:      layout_rooms, lemuel_crystal_altar, serial_shops, shop, uniq_sigmund
D:4:      layout_rooms, kennysheep_opposing_triangles
D:5:      cheibrodos_two_vegetables, layout_loops_corners, temple_fountains,
          serial_shops, shop, chequers_hall_statues_wall_a,
          hangedman_decor_opposing
D:6:      cheibrodos_steamvent, layout_basic,
          chequers_temple_overflow_statue_of_worship, serial_corexii_hall,
          corexii_hall_statues_t, corexii_hall_statues_x,
          corexii_hall_statues_i, corexii_hall_statues_i,
          chequers_serial_rivers_micro_d, nicolae_twisty_statue_hallways
D:7:      layout_loops_cross, lemuel_mausoleum_altar_kikubaaqudgha
D:8:      layout_loops_cross, zin_scriptorium, lightli_temple_of_fire,
          uniq_joseph, uniq_jeremiah
D:9:      minmay_the_grid_four_pointed_star
          [minmay_the_grid_triangle_9x9_fully_insulated_deathbox,
          minmay_the_grid_triangle_9x9_from_above,
          minmay_the_grid_triangle_9x9_intruding_spiral,
          minmay_the_grid_triangle_9x9_zippers_horizontal,
          minmay_the_grid_prize_inner_circle], layout_loops_corners,
          nzn_wu_jian_contemplation, mainiacjoe_overflow_alcove_2,
          kennysheep_path_1, uniq_prince_ribbit1, uniq_maurice
D:10:     old_forge, layout_cave_pools, grunt_temple_overflow_open
D:11:     layout_basic, lair_entry_dummy
Temple:   nicolae_temple_no_exploring_needed

Skill      XL: |  1  2  3  4  5  6  7  8  9 10 11 12 |
---------------+-------------------------------------+-----
Spellcasting   | 4 5 6 7 |  7.9
Conjurations   | 4 5 6 7 |  7.9
Hexes          | 4 5 6 7 |  7.9
Summonings     | 4 5 6 7 |  7.9
Necromancy     | 4 5 6 7 |  7.9
Translocations | 4 5 6 7 |  7.9
Transmutations | 4 5 6 7 |  7.9
Fire Magic     | 4 5 6 7 |  7.9
Ice Magic      | 4 5 6 7 |  7.9
Air Magic      | 4 5 6 7 |  7.9
Earth Magic    | 4 5 6 7 |  7.9
Poison Magic   | 4 5 6 7 |  7.9
Stealth        | 2 3 4 |  4.0
Dodging        | 3 4 5 6 7 9 10 11 | 11.2
Long Blades    | 1 2 3 4 6 8 9 |  9.8
Fighting       | 1 2 3 |  3.3
Armour         | 1 2 3 |  3.3
Shields        | 1 2 |  2.0
Short Blades   | |  0.6
Evocations     | |  0.1

Action                     |  1- 3 |  4- 6 |  7- 9 | 10-12 || total
---------------------------+-------+-------+-------+-------++-------
  Melee: Unarmed           |     3 |       |       |       ||     3
         Short sword       |     5 |       |       |       ||     5
         Dagger            |     4 |     3 |       |       ||     7
         Punch             |     1 |       |       |       ||     1
         Scimitar          |       |    41 |    87 |    27 ||   155
         Great sword       |       |       |       |   134 ||   134
   Cast: Foxfire           |    33 |    40 |    50 |    41 ||   164
         Sting             |     1 |     2 |       |     1 ||     4
         Scorch            |       |    17 |    28 |    60 ||   105
         Poisonous Vapours |       |    12 |    74 |    87 ||   173
         Vhi's Electric Ch |       |       |     1 |     4 ||     5
         Volatile Blastmot |       |       |     5 |    22 ||    27
         Inner Flame       |       |       |     4 |     2 ||     6
         Flame Wave        |       |       |       |     2 ||     2
         Fulminant Prism   |       |       |       |     5 ||     5
  Evoke: Wand              |       |       |       |     1 ||     1
    Use: Scroll            |     4 |     2 |    11 |     7 ||    24
         Potion            |       |     1 |       |     3 ||     4
   Stab: Sleeping          |     2 |     5 |     3 |    11 ||    21
 Armour: Robe              |     3 |    28 |     8 |       ||    39
         Troll leather arm |       |       |    26 |    36 ||    62
  Dodge: Dodged            |    16 |    84 |    92 |   139 ||   331
  Block: Other             |       |     2 |    32 |    46 ||    80
         Reflection        |       |     1 |       |       ||     1

Table legend: (Time is in decaauts)
 A = Elapsed time spent in this place.
 B = Non-inter-level travel time spent in this place.
 C = Inter-level travel time spent in this place.
 D = Time resting spent in this place.
 E = Time spent auto-exploring this place.
 F = Levels seen in this place.
 G = Mean time per level.
                   A        B        C        D        E       F      G
               +--------+--------+--------+--------+--------+-----+--------+
         Total |  10116 |   9858 |    258 |   1098 |   5070 |  12 |  843.0 |
       Dungeon |  10100 |   9842 |    258 |   1098 |   5070 |  11 |  918.2 |
        Temple |     16 |     16 |      0 |      0 |      0 |   1 |   16.0 |
               +--------+--------+--------+--------+--------+-----+--------+

Top non-repeatable levels by time:
     D:9: 1663 daAuts
     D:6: 1442 daAuts
     D:5: 1426 daAuts
     D:2: 1106 daAuts
     D:7: 1040 daAuts
     D:1: 974 daAuts
     D:4: 963 daAuts
     D:8: 824 daAuts
     D:3: 538 daAuts
    D:10: 117 daAuts
  Temple: 16 daAuts
    D:11: 1 daAuts
